 Dungeon Crawl Stone Soup version 0.31-a0-1603-gbec6b6ccbf (webtiles) character file.

Game seed: 17806226930224644951

59 DiggyJ the Trooper (level 3, -3/43 HPs)
             Began as a Demonspawn Berserker on Jan 8, 2024.
             Was a Believer of Trog.
             Slain by an orc
             ... wielding a +0 hand axe
              (5 damage)
             ... on level 3 of the Dungeon.
             The game lasted 00:04:31 (2009 turns).

DiggyJ the Trooper (Demonspawn Berserker)           Turns: 2009, Time: 00:04:32

Health: -3/43      AC: 10    Str: 19    XL:     3   Next: 78%
Magic:  3/3        EV: 11    Int:  7    God:    Trog [**....]
Gold:   94         SH:  0    Dex: 12    Spells: 2/2 levels left

rFire   + . .        a - +0 falchion
rCold   . . .        (no shield)
rNeg    . . .        o - +2 ring mail of Gonoack {rF+ Will++}
rPois   .            l - +0 helmet
rElec   .            (no cloak)
rCorr   .            (no gloves)
SInv    .            (no boots)
Will    ++...        f - amulet of faith Stlth
                     (no ring)
HPRegen 0.27/turn    (no ring)
MPRegen 0.08/turn

%: faith
@: berserking (expiring), very quick
A: thin metallic scales 1, powered by death 1
a: Renounce Religion, Berserk, Trog's Hand


You were on level 3 of the Dungeon.
You worshipped Trog.
Trog was pleased with you.
You visited 1 branch of the dungeon, and saw 3 of its levels.

You collected 94 gold pieces.

Inventory:

Hand Weapons
 a - a +0 falchion (weapon)
 e - a +1 short sword of speed
Armour
 b - a +0 animal skin
 l - a +0 helmet (worn)
 n - a +0 plate armour
 o - the +2 ring mail of Gonoack (worn) {rF+ Will++}
   (You found it on level 2 of the Dungeon)

   rF+:       It protects you from fire.
   Will++:    It greatly increases your willpower.
Jewellery
 f - an amulet of faith (around neck)
Scrolls
 c - 2 scrolls of identify {unknown}
 d - 2 scrolls of fog {unknown}
 h - a scroll of immolation {unknown}
 k - a scroll of teleportation {unknown}
 m - a scroll of amnesia {unknown}
Potions
 g - a potion of heal wounds {unknown}
 i - a potion of haste {unknown}
 j - a potion of lignification {unknown}


   Skills:
 + Level 3.4 Fighting
 + Level 3.4 Long Blades
 + Level 2.1 Armour
 + Level 2.2 Dodging
 + Level 0.4 Stealth


You had 2 spell levels left.
You didn't know any spells.
Your spell library contained the following spells:

 Spells                   Type           Power      Damage    Failure   Level
 Stone Arrow              Conj/Erth      0%         3d7       93%         3
 Volatile Blastmotes      Fire/Tloc      0%         2d10      93%         3
 Animate Armour           Summ/Erth      0%         N/A       100%        4
 Fulminant Prism          Conj/Alch      0%         3d5       100%        4
 Iskenderun's Mystic Bla  Conj/Tloc      0%         2d3       100%        4
 Lehudib's Crystal Spear  Conj/Erth      0%         10d2      100%        8


Dungeon Overview and Level Annotations

Branches:
Dungeon (3/15)

Altars:

Shops:
D:2 [

Annotations:
D:3 Grinder


Innate Abilities, Weirdness & Mutations

You are partially covered in thin metallic scales. (AC +2)
You regenerate a little health from kills.


Message History

3 orcs come into view.
The orc shouts! x3
The orc barely misses you.
A red film seems to cover your vision as you go berserk!
You feel yourself moving faster!
You feel mighty! Grinder gestures at you. Pain shoots through your body!
The orc closely misses you.
You closely miss the orc. You closely miss the orc.
The orc hits you but does no damage.
You slash Grinder!
Grinder is moderately wounded.
Grinder gestures at you. You resist with almost no effort.
The orc closely misses you. The orc barely misses you.
You barely miss Grinder.
Grinder is moderately wounded.
The orc barely misses you.
The orc hits you from afar with a +0 trident.
The orc barely misses you. Grinder hits you.
You writhe in agony.
You hit Grinder.
Grinder is moderately wounded.
You hit Grinder but do no damage.
Grinder is moderately wounded.
Grinder hits you but does no damage. The orc hits you with a +0 short sword.
The orc hits you but does no damage. The orc closely misses you.
You barely miss Grinder. You punch Grinder!
Grinder is heavily wounded.
The orc closely misses you. The orc hits you with a +0 hand axe.
The orc hits you but does no damage.
The orc hits you from afar with a +0 trident.
Grinder hits you!
You writhe in agony.
* * * LOW HITPOINT WARNING * * *
You slash Grinder!
Grinder is severely wounded.
Grinder hits you.
* * * LOW HITPOINT WARNING * * *
You writhe in agony.
* * * LOW HITPOINT WARNING * * *
The orc hits you with a +0 hand axe.
You die...

#.... #....
#...#
######...##
..........#
#........###..
#....o5oo.....
##.....@o####.?
..............#
.....?#<#######
........#
.....#### .....
.... ####


You could see Grinder and 4 orcs.

Vanquished Creatures
  An adder (D:2)
  2 ribbon worms (D:2)
  A dart slug (D:1)
  3 bats (D:1)
  6 endoplasms
  A giant cockroach (D:1)
  3 goblins
  4 hobgoblins
  4 kobolds
  8 ball pythons
  4 frilled lizards
  4 rats
41 creatures vanquished.

Notes
Turn   | Place    | Note
-------+----------+-------------------------------------------
     0 | D:1      | DiggyJ the Demonspawn Berserker began the quest for the
                  | Orb.
     0 | D:1      | Reached XP level 1. HP: 18/18 MP: 1/1
   259 | D:1      | Gained mutation: You are partially covered in thin metallic
                  | scales. (AC +2) [demonic ancestry]
   259 | D:1      | Reached XP level 2. HP: 12/24 MP: 2/2
  1299 | D:2      | Gained mutation: You regenerate a little health from kills.
                  | [demonic ancestry]
  1299 | D:2      | Reached XP level 3. HP: 29/29 MP: 3/3
  1323 | D:2      | Identified the +2 ring mail of Gonoack {rF+ Will++}
  1386 | D:2      | Reached ** piety under Trog
  1893 | D:2      | Found Moocan Pacru's Armour Shoppe.
  1998 | D:3      | Noticed Grinder
  2009 | D:3      | HP: 2/43 [Grinder (5)]
  2009 | D:3      | Slain by an orc

Illustrated notes

Levels and vault maps discovered:
D:1:      nagdon_arrival_zigzag_paths, layout_basic, serial_rivers,
          chequers_serial_rivers_small_a, chequers_serial_rivers_large_b,
          chequers_serial_rivers_room_b, chequers_serial_rivers_micro_a,
          minivault_5, grunt_decor_fettered, minmay_close_crescents
D:2:      layout_loops_ring, serial_shops, shop
D:3:      layout_rooms, shapermc_ecumenical_altar_mp_vishouse,
          cheibrodos_sewer_entry_drain, kennysheep_big_empty_room, uniq_grinder

Skill      XL: |  1  2 |
---------------+-------+-----
Long Blades    | 3 |  3.4
Armour         | 2 |  2.1
Dodging        | 2 |  2.2
Fighting       | |  3.4
Stealth        | |  0.4

Action                     || total
---------------------------++-------
  Melee: Falchion          ||   153
         Punch             ||     2
 Invoke: Berserk           ||     2
   Stab: Sleeping          ||     1
 Armour: Animal skin       ||    57
         Plate armour      ||    15
         Ring mail         ||    47
  Dodge: Dodged            ||   113

Table legend: (Time is in decaauts)
 A = Elapsed time spent in this place.
 B = Non-inter-level travel time spent in this place.
 C = Inter-level travel time spent in this place.
 D = Time resting spent in this place.
 E = Time spent auto-exploring this place.
 F = Levels seen in this place.
 G = Mean time per level.
                   A        B        C        D        E       F      G
               +--------+--------+--------+--------+--------+-----+--------+
         Total |   2094 |   1987 |    107 |      0 |   1463 |   3 |  698.0 |
       Dungeon |   2094 |   1987 |    107 |      0 |   1463 |   3 |  698.0 |
               +--------+--------+--------+--------+--------+-----+--------+

Top non-repeatable levels by time:
     D:1: 1267 daAuts
     D:2: 818 daAuts
     D:3: 9 daAuts
